 Dungeon Crawl Stone Soup version 0.30-b1-5-g8e6c1be481 (webtiles) character file.

Game seed: 13244450529523653341

61836 apoch the Tortoise (level 14, -6/135 HPs)
             Began as a Minotaur Fighter on May 3, 2023.
             Was the Champion of Cheibriados.
             Mangled by a large abomination (28 damage)
             ... on level 2 of the Abyss.
             The game lasted 00:32:44 (17554 turns).

apoch the Tortoise (Minotaur Fighter)              Turns: 17554, Time: 00:32:44

Health: -6/135     AC: 20    Str: 38    XL:     14   Next: 62%
Magic:  20/20      EV: 14    Int: 20    God:    Cheibriados [******]
Gold:   1260       SH: 13    Dex: 28    Spells: 13/13 levels left

rFire   x . .        a - +1 broad axe (heavy)
rCold   + . .        w - +0 kite shield
rNeg    . . .        H - +0 chain mail
rPois   +            (helmet restricted)
rElec   +            n - +1 cloak {Stlth+}
rCorr   .            (no gloves)
SInv    +            (no boots)
Will    +....        I - amulet of regeneration
Stlth   ++           F - +4 ring of protection
HPRegen 0.00/turn    X - ring of Kon Opysithu {Ice rElec rPois SInv}
MPRegen 0.17/turn

%: no passive effects
@: sick, very slow
A: horns 2, retaliatory headbutt
a: Renounce Religion, Bend Time, Temporal Distortion, Slouch, Step From Time


You were on level 2 of the Abyss.
You worshipped Cheibriados.
Cheibriados was exalted by your worship.
You visited 2 branches of the dungeon, and saw 18 of its levels.
You visited the Abyss 1 time.

You collected 1294 gold pieces.
You spent 34 gold pieces at shops.

Inventory:

Hand Weapons
 a - a +1 heavy broad axe (weapon)
 b - a +1 morningstar of holy wrath
Missiles
 j - 23 poisoned darts
 o - 4 boomerangs
 q - 8 silver boomerangs
 E - a curare-tipped dart
 P - 8 atropa-tipped darts
Armour
 h - a +0 plate armour
 n - a +1 cloak of stealth (worn)
 w - a +0 kite shield (worn)
 H - a +0 chain mail (worn)
Jewellery
 e - an amulet of guardian spirit
 i - a ring of ice
 F - a +4 ring of protection (left hand)
 I - an amulet of regeneration (around neck)
 V - an amulet of faith
 X - the ring of Kon Opysithu (right hand) {Ice rElec rPois SInv}
   (You acquired it on level 3 of the Lair of Beasts)

   [ring of ice]

   It enhances your ice magic.
   rF:        It makes you vulnerable to fire.
   rC:        It protects you from cold.
   rElec:     It insulates you from electricity.
   rPois:     It protects you from poison.
   SInv:      It lets you see invisible.
 Z - a +4 ring of slaying
Wands
 m - a wand of flame (80)
 s - a wand of iceblast (5)
 U - a wand of polymorph (12)
Scrolls
 c - a scroll of silence
 r - a scroll of enchant weapon
 v - 3 scrolls of amnesia {unknown}
 A - 2 scrolls of fog
 J - 7 scrolls of poison
 K - 6 scrolls of identify
 L - 3 scrolls of vulnerability
 M - 4 scrolls of teleportation
 T - 2 scrolls of enchant armour
 W - 2 scrolls of blinking
 Y - 4 scrolls of magic mapping
Potions
 d - 5 potions of might
 f - 8 potions of curing
 g - 5 potions of ambrosia
 k - 6 potions of heal wounds
 l - 2 potions of attraction {unknown}
 p - 3 potions of berserk rage
 t - 4 potions of mutation
 u - a potion of magic {unknown}
 z - 4 potions of cancellation
 G - 5 potions of brilliance
 O - 4 potions of flight
 S - 8 potions of haste


   Skills:
 - Level 15.0 Fighting
 - Level 15.0 Axes
 - Level 17.0 Armour
 + Level 5.1 Dodging
 + Level 4.2 Stealth
 + Level 6.8 Shields
 - Level 10.0 Invocations
 + Level 4.2 Evocations


You had 13 spell levels left.
You didn't know any spells.
Your spell library contained the following spells:

 Spells                   Type           Power      Damage    Failure   Level
 Sandblast                Erth           0%         2d4       54%         1
 Blink                    Tloc           0%         N/A       67%         2
 Cigotuvi's Dreadful Rot  Necr/Pois/Air  0%         N/A       67%         2
 Lesser Beckoning         Tloc           0%         N/A       67%         2
 Momentum Strike          Conj/Tloc      0%         3d8       67%         2
 Passwall                 Tmut/Erth      0%         N/A       67%         2
 Static Discharge         Conj/Air       0%         2-2/arc   67%         2
 Sublimation of Blood     Necr           0%         N/A       67%         2
 Gell's Gravitas          Tloc           0%         N/A       88%         3
 Ozocubu's Armour         Ice            0%         N/A       88%         3
 Stone Arrow              Conj/Erth      0%         3d7       88%         3
 Teleport Other           Tloc           0%         N/A       88%         3
 Volatile Blastmotes      Fire/Tloc      0%         2d10      88%         3
 Airstrike                Air            0%         2d(0-16)  99%         4
 Animate Armour           Summ/Erth      0%         N/A       99%         4
 Cause Fear               Hex            0%         N/A       99%         4
 Dispel Undead            Necr           0%         3d6       99%         4
 Fulminant Prism          Conj/Hex       0%         3d5       99%         4
 Iskenderun's Mystic Bla  Conj/Tloc      0%         2d3       99%         4
 Petrify                  Tmut/Erth      0%         N/A       99%         4
 Summon Lightning Spire   Summ/Air       0%         N/A       99%         4
 Blade Hands              Tmut           0%         N/A       100%        5
 Irradiate                Conj/Tmut      0%         3d11      100%        5
 Lee's Rapid Deconstruct  Erth           0%         3d4*      100%        5
 Metabolic Englaciation   Hex/Ice        0%         N/A       100%        5
 Conjure Ball Lightning   Conj/Air       0%         3x3d6     100%        6
 Death Channel            Necr           0%         N/A       100%        6
 Iron Shot                Conj/Erth      0%         9d1       100%        6
 Simulacrum               Ice/Necr       0%         N/A       100%        6
 Dragon Form              Tmut           0%         N/A       100%        7
 Discord                  Hex            0%         N/A       100%        8
 Disjunction              Tloc           0%         N/A       100%        8
 Dragon's Call            Summ           0%         N/A       100%        9


Dungeon Overview and Level Annotations

Branches:
Dungeon (13/15)            Temple (0/1) D:6            Lair (5/5) D:10
 Shoals (0/4) Lair:2       Spider (0/4) Lair:2        Slime (0/5) Lair:4
    Orc (0/2) D:12
 Vaults: D:13-14

Altars:
Cheibriados
Dithmenos
Hepliaklqana
Kikubaaqudgha
Nemelex Xobeh
Okawaru
Trog
Uskayaw
Wu Jian
Jiyva

Shops:
D:4 [   D:9 *

Annotations:
Lair:2 2 transporters, Cato's ghost, journeyman DECj


Innate Abilities, Weirdness & Mutations

You have a pair of horns on your head.
You reflexively headbutt those who attack you in melee.


Message History

The smoke demon barely misses you.
You barely miss the smoke demon. The smoke demon gestures at you.
The sticky flame hits you but does no damage.
You are covered in liquid flames!
You closely miss the smoke demon.
You are covered in liquid flames!
The smoke demon gestures at you. Something smites you!
The chaos spawn's many legs skitter.
You carve the smoke demon like a ham!!!
You kill the smoke demon!
Cheibriados thoroughly appreciates the change of pace.
You closely miss the flayed ghost.
You are covered in liquid flames!
You block the flayed ghost's attack.
Your Dodging skill increases to level 5!
The flayed ghost hits you!
You cut the flayed ghost into ribbons!!!
You headbutt the flayed ghost.
You destroy the flayed ghost!
Cheibriados appreciates the change of pace.
You carve the chaos spawn like a ham!!!
You kill the chaos spawn!
Cheibriados appreciates the change of pace.
The chaos spawn degenerates into a cloud of primal chaos!
A large abomination comes into view.
The large abomination hits you but does no damage.
You block the large abomination's attack.
You cut the large abomination into ribbons!!!
The large abomination is almost destroyed.
You hear a bellow!
The large abomination hits you!!
You block the large abomination's attack.
You completely miss the large abomination.
The large abomination is almost destroyed.
The large abomination hits you!!
* * * LOW HITPOINT WARNING * * *
The large abomination hits you!!
You die...

## ..# #
...# .
...##
#...# # .
# #...##
#..
#.X.### .
###.@..#
#
#.###..#
. #.. # .
#..#...#
. .. #.
##.#...#
. #. . #
#.....##
. . #
##.....#
. .#. #
.#
......#
## # #
##......#
.#. .## #
#. ....##


You could see a large abomination.

Vanquished Creatures
  A tentacled starspawn (Abyss:2)
  Erolcha (D:10)
  A fire dragon (Lair:5)
  A rakshasa (Abyss:2)
  6 hydras
  2 centaur warriors (D:13)
  A catoblepas (Lair:5)
  6 two-headed ogres
  A boulder beetle (D:13)
  A skyshark (Lair:2)
  A flayed ghost (Abyss:2)
  An orb spider (Lair:2)
  2 lindwurms (Lair:5)
  An ugly thing (D:12)
  A cyclops (D:9)
  A manticore (Lair:2)
  24 elephants
  A will-o-the-wisp (Abyss:2)
  5 black mambas
  12 cane toads
  Joseph (D:10)
  A torpor snail (Lair:1)
  2 molten gargoyles (Lair:5)
  2 gargoyles
  A smoke demon (Abyss:2)
  2 kobold demonologists
  17 komodo dragons
  3 rime drakes
  Maggie (D:6)
  An efreet (D:13)
  An ancient zyme (Abyss:2)
  A tengu conjurer (D:13)
  2 trolls
  A wind drake (Lair:2)
  A hellwing (Abyss:2)
  2 hornets
  A polar bear (Lair:5)
  8 blink frogs
  4 dream sheep
  3 ynoxinuls (Abyss:2)
  Sigmund (D:6)
  2 wraiths
  7 wyverns
  49 yaks
  A fire elemental (Lair:4)
  A chaos spawn (Abyss:2)
  A steam dragon (Lair:2)
  6 basilisks
  A neqoxec (Abyss:2)
  2 wargs (D:12)
  Menkaure (D:6)
  6 vampire mosquitoes
  An acid dragon (D:10)
  4 hell hounds (Lair:5)
  19 water moccasins
  Duvessa (D:4)
  A small abomination (Abyss:2)
  2 orc warriors
  2 black bears
  An ogre (D:9)
  19 wolves
  An ice beast (D:6)
  11 centaurs
  3 kobold brigands
  6 bullfrogs
  2 gnoll sergeants
  9 wights
  Dowan (D:4)
  3 killer bees (D:9)
  2 electric eels
  3 howler monkeys
  5 lava snakes (Lair:5)
  8 orc priests
  3 gnoll boudas
  2 hounds
  Crazy Yiuf (D:3)
  2 jellies
  5 iguanas
  An iron imp (Abyss:2)
  Jessica (D:2)
  A sleepcap (D:5)
  12 orc wizards
  A mummy (D:5)
  21 gnolls
  7 adders
  A shadow imp (D:7)
  2 dart slugs
  29 orcs
  2 ball pythons
  5 bats
  2 endoplasms
  3 giant cockroaches
  8 goblins
  6 hobgoblins
  3 jackals (D:2)
  4 quokkas
  2 frilled lizards (D:3)
  23 kobolds
  15 rats
  2 starspawn tentacles (Abyss:2)
471 creatures vanquished.

Vanquished Creatures (others)
  2 foxfires (Abyss:2)
  43 fungi
  26 plants
  A starspawn tentacle (Abyss:2)
72 creatures vanquished.

Grand Total: 543 creatures vanquished

Notes
Turn   | Place    | Note
-------+----------+-------------------------------------------
     0 | D:1      | apoch the Minotaur Fighter began the quest for the Orb.
     0 | D:1      | Reached XP level 1. HP: 19/19 MP: 0/0
   213 | D:1      | Reached XP level 2. HP: 26/26 MP: 1/1
  1074 | D:2      | Reached XP level 3. HP: 29/31 MP: 2/2
  1173 | D:2      | Noticed Jessica
  1187 | D:2      | Killed Jessica
  1188 | D:2      | Reached skill level 5 in Axes
  1682 | D:2      | Found a shadowy altar of Dithmenos.
  1715 | D:2      | Reached XP level 4. HP: 38/39 MP: 3/3
  3234 | D:3      | Found a runed translucent door.
  3235 | D:3      | Noticed Crazy Yiuf
  3243 | D:3      | Killed Crazy Yiuf
  3244 | D:3      | Reached XP level 5. HP: 42/45 MP: 4/4
  3281 | D:4      | Found Katouzy's Armour Shop.
  3332 | D:4      | Noticed Duvessa
  3333 | D:4      | Noticed Dowan
  3346 | D:4      | Killed Duvessa
  3347 | D:4      | Killed Dowan
  3348 | D:4      | Reached XP level 6. HP: 11/51 MP: 5/5
  4146 | D:5      | Entered Level 5 of the Dungeon
  4430 | D:5      | Found a snail-covered altar of Cheibriados.
  4442 | D:5      | Became a worshipper of Cheibriados the Contemplative
  4542 | D:5      | Reached XP level 7. HP: 53/57 MP: 6/6
  4592 | D:5      | Reached skill level 10 in Axes
  5168 | D:6      | Noticed Sigmund
  5174 | D:6      | Killed Sigmund
  5189 | D:6      | Noticed a two-headed ogre
  5194 | D:6      | Killed a two-headed ogre
  5195 | D:6      | Reached XP level 8. HP: 41/78 MP: 7/7
  5359 | D:6      | Reached skill level 10 in Fighting
  5461 | D:6      | Reached skill level 4 in Armour
  5663 | D:6      | Reached * piety under Cheibriados
  5775 | D:6      | Reached skill level 5 in Armour
  5881 | D:6      | Found a staircase to the Ecumenical Temple.
  5957 | D:6      | Noticed Menkaure
  5959 | D:6      | Noticed Maggie
  5962 | D:6      | Killed Menkaure
  5963 | D:6      | Reached XP level 9. HP: 85/85 MP: 8/8
  5970 | D:6      | Killed Maggie
  5971 | D:6      | Reached skill level 6 in Armour
  6358 | D:7      | Reached skill level 7 in Armour
  6629 | D:7      | Found an ornate altar of the Wu Jian Council.
  6636 | D:7      | Reached skill level 8 in Armour
  7132 | D:7      | Found a bloodstained altar of Trog.
  7134 | D:7      | Found an ancient bone altar of Kikubaaqudgha.
  7282 | D:7      | Reached skill level 9 in Armour
  7637 | D:8      | Found an iron altar of Okawaru.
  7668 | D:8      | Reached skill level 10 in Armour
  7669 | D:8      | Reached skill level 1 in Invocations
  7795 | D:8      | Reached ** piety under Cheibriados
  7837 | D:8      | Found a hide-covered altar of Uskayaw.
  8017 | D:8      | Found a sparkling altar of Nemelex Xobeh.
  8143 | D:9      | Noticed a two-headed ogre
  8148 | D:9      | Killed a two-headed ogre
  8149 | D:9      | Reached skill level 5 in Invocations
  8149 | D:9      | Reached XP level 10. HP: 58/93 MP: 11/13
  8306 | D:9      | Found a transporter.
  8312 | D:9      | Noticed a cyclops
  8522 | D:9      | Found Suif's Assorted Antiques.
  8526 | D:9      | Bought a scroll labelled DORAMU DYT YRY for 34 gold pieces
  8785 | D:9      | Identified the +1 leather armour of Aroreigoli {rC- Int+4
                  | Slay+3}
  8786 | D:9      | Found a transporter.
  8945 | D:9      | Noticed a two-headed ogre
  9001 | D:9      | Killed a two-headed ogre
  9025 | D:9      | Killed a cyclops
  9025 | D:9      | Reached *** piety under Cheibriados
  9097 | D:10     | Entered Level 10 of the Dungeon
  9098 | D:10     | Noticed Erolcha
  9108 | D:10     | Killed Erolcha
  9219 | D:9      | Reached skill level 10 in Invocations
  9236 | D:10     | Reached XP level 11. HP: 86/99 MP: 17/17
  9278 | D:10     | Noticed Joseph
  9293 | D:10     | Killed Joseph
  9512 | D:10     | Found a staircase to the Lair.
  9524 | D:10     | Noticed a two-headed ogre
  9538 | D:10     | Killed a two-headed ogre
  9629 | D:10     | Identified the +3 great sword of the Spider Nest {speed,
                  | MP+9}
  9650 | D:10     | Found a hazy altar of Hepliaklqana.
  9821 | D:10     | Identified the +1 robe "Ryefann" {rPois Int+3}
  9928 | Lair:1   | Entered Level 1 of the Lair of Beasts
 10587 | Lair:1   | Reached **** piety under Cheibriados
 11041 | Lair:2   | Reached skill level 15 in Axes
 11153 | Lair:2   | Reached XP level 12. HP: 53/110 MP: 18/18
 11269 | Lair:2   | Found a staircase to the Shoals.
 11304 | Lair:2   | Noticed Cato's ghost (journeyman DECj)
 11307 | Lair:2   | Found a transporter.
 11313 | Lair:2   | Found a transporter.
 11314 | Lair:2   | Found a bloodstained altar of Trog.
 11326 | Lair:2   | Found a hole to the Spider Nest.
 11504 | Lair:2   | Noticed a five-headed hydra
 11512 | Lair:2   | Killed a five-headed hydra
 11979 | Lair:2   | Reached ***** piety under Cheibriados
 12069 | Lair:3   | Identified the +1 chain mail "Tydutac" {rElec rF+ Regen+
                  | Slay+2}
 12430 | Lair:3   | Reached skill level 15 in Fighting
 12542 | Lair:3   | Noticed a six-headed hydra
 12553 | Lair:3   | Killed a six-headed hydra
 12672 | Lair:3   | Identified a scroll of acquirement
 12672 | Lair:3   | Acquired the ring of Kon Opysithu {Ice rElec rPois SInv}
 12699 | Lair:3   | Reached skill level 11 in Armour
 13281 | Lair:4   | Reached XP level 13. HP: 126/126 MP: 19/19
 13318 | Lair:4   | Reached skill level 12 in Armour
 13776 | Lair:4   | Reached skill level 13 in Armour
 13885 | Lair:4   | Found a viscous altar of Jiyva.
 13885 | Lair:4   | Found a staircase to the Slime Pits.
 13995 | Lair:4   | Reached skill level 14 in Armour
 14212 | Lair:5   | Entered Level 5 of the Lair of Beasts
 14215 | Lair:5   | Reached ****** piety under Cheibriados
 14458 | Lair:5   | Reached skill level 15 in Armour
 14596 | Lair:5   | Reached skill level 16 in Armour
 14982 | Lair:5   | Reached skill level 17 in Armour
 15021 | Lair:5   | Reached skill level 1 in Dodging
 15021 | Lair:5   | Reached XP level 14. HP: 135/135 MP: 20/20
 15065 | Lair:5   | Reached skill level 1 in Stealth
 15065 | Lair:5   | Reached skill level 1 in Evocations
 15247 | Lair:5   | Found a large runed translucent door.
 15248 | Lair:5   | Found a large runed translucent door.
 15933 | D:11     | Reached skill level 5 in Shields
 16312 | D:12     | You fall into a shaft and drop 1 floor!
 16649 | D:12     | Found a staircase to the Orcish Mines.
 17287 | Abyss:2  | Cast into level 2 of the Abyss (a wizard)
 17307 | Abyss:2  | Found a corrupted altar of Lugonu.
 17387 | Abyss:2  | Noticed a tentacled starspawn
 17393 | Abyss:2  | Killed a tentacled starspawn
 17540 | Abyss:2  | Reached skill level 5 in Dodging
 17554 | Abyss:2  | Mangled by a large abomination

Illustrated notes

Levels and vault maps discovered:
D:1:      dpeg_arrival_ratfight, layout_loops_ring
D:2:      layout_loops_corners, basic_altar, st_stairs_8, uniq_jessica
D:3:      layout_basic, uniq_crazy_yiuf_cottage
D:4:      layout_cave_pools, serial_shops, nicolae_shop_just_a_little_nook,
          hangedman_decor_diamond_cutter, uniq_duvessa
D:5:      layout_basic, slow_altar_1, guppyfry_early_lair_pool
D:6:      layout_gridville, temple_green, uniq_maggie, uniq_sigmund,
          uniq_menkaure
D:7:      layout_loops_ring, jmf_multi_god_temple,
          mainiacjoe_overflow_small_starburst, roderic_serpentine_path,
          sigmund_army
D:8:      layout_basic, nicolae_uskayaw_dance_hall, okawaru_metal_pillars_1_2,
          mainiacjoe_overflow_paths
D:9:      gammafunk_beogh_shrine, layout_basic, serial_shops, shop
D:10:     layout_long_grid, lemuel_crystal_altar, lair_entry_dummy,
          serial_bayou_pond_e, dk_vineyard_2, uniq_erolcha, uniq_joseph
D:11:     layout_cave_pods
D:12:     layout_loops_ring, erik_orc_4
D:13:     layout_loops_ring, grunt_vaults_entry_fortified, minivault_14
Lair:1:   layout_concentric_octagons
Lair:2:   layout_roguey, minmay_shoals_entry_beasts,
          nicolae_spider_entry_orb_guardian, gammafunk_ghost_wrathful_warriors,
          minmay_shattered_shrine, grunt_megastairs_2
Lair:3:   layout_hall_layers
Lair:4:   layout_gridlike, slime_entry_1, grunt_megastairs_3
Lair:5:   cheibrodos_lair_end_hotspot, layout_long_grid,
          dreamdust_gnoll_shepherd
Abyss:2:  base:
D:11

Skill      XL: |  1  2  3  4  5  6  7  8  9 10 11 12 13 14 |
---------------+-------------------------------------------+-----
Axes           | 3 4 5 6 7 9 10 15 | 15.0
Fighting       | 9 10 11 15 | 15.0
Armour         | 5 10 11 17 | 17.0
Invocations    | 5 10 | 10.0
Dodging        | 1 5 |  5.1
Shields        | 4 6 |  6.8
Stealth        | 4 |  4.2
Evocations     | 4 |  4.2

Action                     |  1- 3 |  4- 6 |  7- 9 | 10-12 | 13-15 || total
---------------------------+-------+-------+-------+-------+-------++-------
  Melee: War axe           |    81 |    26 |       |       |       ||   107
         Headbutt          |     5 |    12 |    15 |    76 |    67 ||   175
         Broad axe         |       |    56 |   114 |   274 |   292 ||   736
         Morningstar       |       |       |       |    20 |    21 ||    41
  Throw: Stone             |    34 |    26 |    25 |    53 |    41 ||   179
         Javelin           |     3 |    31 |    19 |    58 |    76 ||   187
 Invoke: Bend Time         |       |       |       |     2 |       ||     2
         Slouch            |       |       |       |       |     1 ||     1
    Use: Potion            |       |     1 |     2 |     3 |     1 ||     7
         Scroll            |       |     8 |     9 |     8 |       ||    25
   Stab: Sleeping          |       |       |       |       |     2 ||     2
 Armour: Scale mail        |    32 |    29 |    30 |       |       ||    91
         Chain mail        |       |       |    33 |   198 |   291 ||   522
  Dodge: Dodged            |    35 |    29 |    52 |   121 |   203 ||   440
  Block: Buckler           |    12 |    17 |     8 |       |       ||    37
         Kite shield       |       |       |    55 |   213 |   301 ||   569
